 Dungeon Crawl Stone Soup version 0.26-a0-757-g626ac9e51a (webtiles) character file.

Game seed: 4874353949341457870

16728 strifetoe the Grappler (level 12, -1/104 HPs)
             Began as a Black Draconian Transmuter on Nov 7, 2020.
             Was an Elder of Yredelemnul.
             Slain by a komodo dragon (9 damage)
             ... on level 2 of the Lair of Beasts.
             The game lasted 00:40:53 (17726 turns).

strifetoe the Grappler (DrTm)                      Turns: 17726, Time: 00:40:54

Health: -1/104     AC: 11    Str: 14    XL:     12   Next: 12%
Magic:  0/22       EV: 14    Int: 17    God:    Yredelemnul [****..]
Gold:   632        SH:  0    Dex: 12    Spells: 14/25 levels left

rFire    + + +     SeeInvis .     - Unarmed
rCold    . . .     Faith    .   (shield currently unavailable)
rNeg     + . .     Spirit   +   (armour unavailable)
rPois    .         Reflect  .   (helmet restricted)
rElec    +         Harm     .   (no cloak)
rCorr    .         Rampage  .   (gloves currently unavailable)
MR       .....                  J - +2 pair of boots {Stlth+}
Stlth    ++........             h - amulet of guardian spirit
HPRegen  0.27/turn              z - +4 ring of slaying
MPRegen  0.18/turn              A - ring "Tasesm" {*Slow +Inv +Fly rF+++ rN+}

@: blade hands, wereblooded
A: breathe lightning, unfitting armour, electricity resistance, cold-blooded, AC
+8
a: Breathe Lightning, End Transformation, Recall Undead Slaves, Injury Mirror,
Animate Dead, Drain Life, Renounce Religion, Evoke Invisibility, Evoke Flight


You were on level 2 of the Lair of Beasts.
You worshipped Yredelemnul.
Yredelemnul was greatly pleased with you.
You had blades for hands.
You visited 3 branches of the dungeon, and saw 15 of its levels.

You collected 736 gold pieces.
You spent 104 gold pieces at shops.

Inventory:

Hand Weapons
 u - the +8 falchion "Quri" (melded) {vorpal, *Contam rPois rF+}
   (You found it on level 4 of the Dungeon)

   It inflicts extra damage upon your enemies.
   It protects you from fire.
   It protects you from poison.
   It causes magical contamination when unequipped.
Armour
 J - a +2 pair of boots of stealth (worn)
Jewellery
 g - a cursed ring of teleportation {unknown}
 h - an amulet of guardian spirit (around neck)
 n - an uncursed ring of ice
 r - an uncursed ring of magical power
 s - an uncursed ring of protection from cold {unknown}
 z - a +4 ring of slaying (left scythe-like blade)
 A - the ring "Tasesm" (right scythe-like blade) {*Slow +Inv +Fly rF+++ rN+}
   (You found it on level 6 of the Dungeon)

   [ring of positive energy]

   It renders you almost immune to fire.
   It protects you from negative energy.
   It lets you turn invisible.
   It lets you fly.
   It may slow you when you take damage.
 F - an uncursed ring of ice
 I - an uncursed ring of ice
Wands
 q - a wand of flame (34)
 x - a wand of paralysis (4)
 B - a wand of random effects (19)
 C - a wand of acid (26)
 G - a wand of polymorph (5)
 H - a wand of digging (5)
Scrolls
 c - 4 scrolls of amnesia
 d - 7 scrolls of identify
 e - a scroll of fear
 f - 10 scrolls of remove curse
 j - 4 scrolls of teleportation
 o - a scroll of enchant armour
 y - 2 scrolls of summoning
 D - 2 scrolls of magic mapping
 E - 2 scrolls of fog
Potions
 a - 4 potions of haste
 b - 3 potions of curing
 i - 2 potions of brilliance
 k - 3 potions of flight {unknown}
 l - 3 potions of might
 m - 2 potions of lignification
 p - 4 potions of mutation
 t - 3 potions of resistance
 v - 2 potions of invisibility
 w - a potion of attraction
Miscellaneous
 K - a phantom mirror (inert)


   Skills:
 + Level 9.3 Fighting
 - Level 5.1 Dodging
 - Level 11.2 Unarmed Combat
 - Level 7.2 Spellcasting
 - Level 8.0 Transmutations
 - Level 2.2 Poison Magic
 + Level 5.7 Invocations
 - Level 5.5 Evocations


You had 14 spell levels left.
You knew the following spells:

 Your Spells              Type           Power        Failure   Level
a - Beastly Appendage     Tmut           ####..       11%         1
b - Spider Form           Tmut/Pois      ###.......   30%         3
c - Wereblood             Tmut           ####....     13%         2
d - Blade Hands           Tmut           ####......   50%         5

Your spell library contained the following spells:

 Spells                   Type           Power        Failure   Level
 Ice Form                 Ice/Tmut       ###.....     65%         4


Dungeon Overview and Level Annotations

Branches:
Dungeon (12/15)            Temple (1/1) D:4            Lair (2/6) D:10
    Orc (0/2) D:11
  Swamp: Lair:2-4    Shoals: Lair:2-4     Snake: Lair:2-4    Spider: Lair:2-4

Altars:
Ashenzari
Cheibriados
Dithmenos
Elyvilon
Fedhas
Gozag
Hepliaklqana
Kikubaaqudgha
Makhleb
Nemelex Xobeh
Okawaru
Qazlal
Ru
Sif Muna
Trog
Uskayaw
Vehumet
Wu Jian
Xom
Yredelemnul
Zin
The Shining One

Shops:
D:8 ?


Innate Abilities, Weirdness & Mutations

You can breathe wild blasts of lightning.
Your glossy black scales are hard. (AC +8)
You cannot fit into any form of body armour.
You are resistant to electric shocks. (rElec)
You are cold-blooded and may be slowed by cold attacks.


Message History

Your cane toad zombie completely misses the water moccasin.
You slash the komodo dragon! x2
The komodo dragon is heavily wounded.
The komodo dragon barely misses you.
The water moccasin bites your cane toad zombie but does no damage.
Unknown command.
You hit the komodo dragon.
Your tail-slap misses the komodo dragon.
The komodo dragon is severely wounded.
Your cane toad zombie hits the water moccasin!
The komodo dragon bites you!!
* * * LOW HITPOINT WARNING * * *
The water moccasin bites your cane toad zombie.
You hit the komodo dragon. You tail-slap the komodo dragon.
The komodo dragon is almost dead.
The water moccasin bites your cane toad zombie.
Your cane toad zombie hits the water moccasin!
The komodo dragon bites you!
You die...
Your body rises from the dead as a mindless zombie.

#######
##.###.Pl@.####.
.........Z.......
........S........
.................
.....P......#..#.
...P#....#######
.....#...#
...#P#...# ..
###...#


You could see a komodo dragon, a water moccasin and a friendly cane toad zombie.

Vanquished Creatures
  A death knight (D:11)
  2 two-headed ogres
  4 elephants
  Joseph (D:8)
  A centaur zombie (D:11)
  4 cane toads
  4 komodo dragons
  A queen bee (D:9)
  2 trolls
  A wind drake (D:7)
  A hornet (D:9)
  2 flying skulls (Lair:1)
  A shadow (D:11)
  2 wraiths
  14 yaks
  A basilisk (D:7)
  An acid dragon (D:11)
  2 water moccasins (Lair:1)
  5 ice beasts
  4 orc warriors
  3 black bears
  3 phantoms
  2 necrophages
  8 ogres
  5 centaurs
  4 big kobolds
  15 bullfrogs
  A wyvern skeleton (D:11)
  5 scorpions
  2 troll zombies (D:11)
  5 killer bees (D:9)
  5 wights (D:11)
  3 electric eels (D:11)
  A howler monkey (D:5)
  A bullfrog zombie (D:7)
  4 quasits
  5 hounds
  7 orc priests
  4 jellies
  4 orc wizards
  A bullfrog skeleton (D:11)
  Jessica (D:2)
  Terence (D:1)
  6 worker ants
  6 ogre zombies (D:11)
  2 hound zombies
  2 worker ant zombies
  A howler monkey zombie (D:11)
  3 gnolls (D:5)
  13 adders
  A shadow imp (D:7)
  2 white imps
  An ufetubus (D:5)
  An ooze (D:2)
  An adder skeleton (D:6)
  An adder zombie (D:8)
  4 worms
  3 dart slugs
  5 leopard geckos
  49 orcs
  3 giant cockroaches
  2 gnoll zombies (D:5)
  10 goblins
  6 hobgoblins
  7 jackals (D:7)
  22 kobolds
  6 quokkas
  4 ball pythons
  5 bats
  3 frilled lizards
  2 goblin skeletons (D:11)
  A goblin zombie (D:11)
  2 hobgoblin zombies (D:11)
  An orc skeleton (D:11)
  11 orc zombies (D:11)
  A quokka skeleton (D:10)
  6 rats
337 creatures vanquished.

Vanquished Creatures (collateral kills)
  A hydra (Lair:2)
  A centaur skeleton (D:10)
  A shadow (D:11)
  6 yaks (Lair:1)
  A water moccasin (Lair:2)
  An orc warrior (D:11)
  A big kobold (D:11)
  A bullfrog (Lair:1)
  A scorpion (D:10)
  A worker ant (D:10)
  2 orcs
  5 kobolds
  A goblin zombie (D:11)
  2 orc skeletons (D:11)
  2 orc zombies (D:11)
27 creatures vanquished.

Vanquished Creatures (others)
  2 flying skulls (D:10)
  A wraith (Lair:2)
  3 wights
  A cane toad skeleton (Lair:1)
  A bullfrog skeleton (Lair:1)
  3 yak zombies (Lair:1)
  A bullfrog zombie (Lair:1)
  A water moccasin skeleton (Lair:1)
  14 fungi
  24 plants
51 creatures vanquished.

Grand Total: 415 creatures vanquished

Notes
Turn   | Place    | Note
-------+----------+-------------------------------------------
     0 | D:1      | strifetoe the Draconian Transmuter began the quest for the
                  | Orb.
     0 | D:1      | Reached XP level 1. HP: 16/16 MP: 3/3
   356 | D:1      | Reached XP level 2. HP: 21/23 MP: 3/5
   661 | D:1      | Reached skill level 4 in Unarmed Combat
  1048 | D:1      | Reached XP level 3. HP: 21/28 MP: 3/6
  1711 | D:2      | HP: 1/28 [poisoned by an adder]
  2009 | D:2      | Learned a level 3 spell: Spider Form
  2034 | D:1      | Reached skill level 5 in Unarmed Combat
  2034 | D:1      | Reached XP level 4. HP: 23/35 MP: 2/7
  2426 | D:2      | Reached skill level 1 in Poison Magic
  2485 | D:2      | Noticed Jessica
  2497 | D:2      | Killed Jessica
  2552 | D:2      | Found a faded altar of an unknown god.
  2566 | D:2      | Reached XP level 5. HP: 35/40 MP: 5/8
  2730 | D:2      | Became a worshipper of Qazlal Stormbringer
  2730 | D:2      | Reached * piety under Qazlal
  2786 | D:3      | Noticed Terence
  3134 | D:1      | Killed Terence
  4318 | D:4      | Reached XP level 6. HP: 48/48 MP: 5/9
  4332 | D:4      | Got a translucent falchion
  4350 | D:4      | Identified the +8 falchion "Quri" {vorpal, *Contam rPois
                  | rF+} (You found it on level 4 of the Dungeon)
  4594 | D:4      | Found a staircase to the Ecumenical Temple.
  4677 | D:4      | Reached skill level 5 in Transmutations
  4699 | D:4      | Your scales start taking on a glossy black colour.
  4699 | D:4      | Reached XP level 7. HP: 54/55 MP: 2/10
  4699 | D:4      | Gained mutation: You are resistant to electric shocks.
                  | (rElec) [Black Draconian growth]
  4766 | D:4      | Learned a level 2 spell: Wereblood
  5059 | D:5      | Entered Level 5 of the Dungeon
  5122 | Temple   | Entered the Ecumenical Temple
  5662 | D:5      | Reached ** piety under Qazlal
  5848 | D:5      | Found a blossoming altar of Fedhas.
  6658 | D:5      | Found a basalt altar of Yredelemnul.
  6739 | D:5      | Fell from the grace of Qazlal
  6739 | D:5      | Became a worshipper of Yredelemnul the Dark
  6800 | D:6      | Got a slimy jade ring
  6810 | D:6      | Reached XP level 8. HP: 55/61 MP: 6/11
  7541 | D:6      | Found a burning altar of Makhleb.
  7655 | D:6      | Learned a level 5 spell: Blade Hands
  8125 | D:7      | Reached * piety under Yredelemnul
  8298 | D:6      | Identified the ring "Tasesm" {*Slow +Inv +Fly rF+++ rN+}
                  | (You found it on level 6 of the Dungeon)
  8346 | D:7      | Found a radiant altar of Vehumet.
  8361 | D:7      | Reached skill level 5 in Spellcasting
  8471 | D:7      | Reached XP level 9. HP: 27/71 MP: 6/18
  8650 | D:7      | Found a sparkling altar of Nemelex Xobeh.
  9133 | D:7      | Found an ancient bone altar of Kikubaaqudgha.
  9323 | D:7      | Found a hide-covered altar of Uskayaw.
  9697 | D:8      | Noticed Joseph
  9766 | D:8      | Noticed a wind drake
 10038 | D:7      | Killed a wind drake
 10078 | D:7      | Noticed a fire crab
 10342 | D:8      | Killed Joseph
 10342 | D:8      | Reached skill level 6 in Unarmed Combat
 10442 | D:8      | Found Qiuhurr's Magic Scroll Boutique.
 10448 | D:8      | Bought a scroll of blinking for 82 gold pieces
 10448 | D:8      | Bought a scroll of fog for 22 gold pieces
 10603 | D:8      | Found a glowing golden altar of the Shining One.
 10817 | D:9      | Reached ** piety under Yredelemnul
 10973 | D:9      | Reached skill level 7 in Unarmed Combat
 10975 | D:9      | Paralysed by a hornet for 1 turns
 11012 | D:9      | Reached XP level 10. HP: 23/78 MP: 1/20
 11309 | D:10     | Entered Level 10 of the Dungeon
 11338 | D:10     | Reached skill level 5 in Dodging
 11623 | D:10     | Reached skill level 8 in Unarmed Combat
 12168 | D:11     | Noticed a death knight
 12187 | D:11     | Killed a death knight
 12187 | D:11     | Reached skill level 9 in Unarmed Combat
 12215 | D:11     | Reached *** piety under Yredelemnul
 12532 | D:11     | Reached skill level 10 in Unarmed Combat
 13024 | D:11     | Noticed a two-headed ogre
 13032 | D:11     | Killed a two-headed ogre
 13032 | D:11     | Reached skill level 11 in Unarmed Combat
 13227 | D:11     | Reached skill level 1 in Evocations
 13227 | D:11     | Reached XP level 11. HP: 85/85 MP: 14/21
 13256 | D:11     | Reached skill level 5 in Fighting
 13263 | D:11     | Reached **** piety under Yredelemnul
 13266 | D:11     | Received a gift from Yredelemnul (4 flying skulls)
 13290 | D:11     | Found a staircase to the Orcish Mines.
 13450 | D:11     | Received a gift from Yredelemnul (a wight)
 13576 | D:11     | Was forgiven by Qazlal
 13641 | D:10     | Reached skill level 1 in Invocations
 13651 | D:10     | Found a shadowy altar of Dithmenos.
 13967 | D:10     | Found a staircase to the Lair.
 14120 | D:10     | Noticed a two-headed ogre
 14126 | D:10     | Received a gift from Yredelemnul (a wraith)
 14131 | D:10     | Killed a two-headed ogre
 14727 | D:9      | Found a broken altar of Ashenzari.
 14754 | D:9      | Received a gift from Yredelemnul (a wraith)
 15170 | D:9      | Found a shimmering altar of Xom.
 15251 | D:9      | Found a hazy altar of Hepliaklqana.
 15257 | D:9      | Found a snail-covered altar of Cheibriados.
 15257 | D:9      | Found a glowing silver altar of Zin.
 15266 | D:9      | Found a sacrificial altar of Ru.
 15269 | D:9      | Found a white marble altar of Elyvilon.
 15373 | D:9      | Found a stormy altar of Qazlal.
 15583 | D:12     | Noticed an eight-headed hydra
 15585 | D:12     | Received a gift from Yredelemnul (a wight)
 15678 | Lair:1   | Entered Level 1 of the Lair of Beasts
 16381 | Lair:1   | Reached skill level 5 in Evocations
 17471 | Lair:2   | Noticed a seven-headed hydra
 17499 | Lair:2   | Killed a seven-headed hydra
 17500 | Lair:2   | Received a gift from Yredelemnul (a wight)
 17624 | Lair:1   | Reached skill level 5 in Invocations
 17624 | Lair:1   | Reached XP level 12. HP: 72/103 MP: 11/22
 17726 | Lair:2   | Slain by a komodo dragon

Illustrated notes

Levels and vault maps discovered:
D:1:      lightli_arrival_boilingwater, layout_loops_ring
D:2:      layout_rooms, chequers_ecumenical_altar_simple, uniq_jessica
D:3:      layout_loops_ring, serial_aquarium, aquarium_bridge_long_joined
          [aquarium_subvault_bridge, aquarium_subvault_balcony,
          aquarium_subvault_window, aquarium_subvault_balcony,
          aquarium_subvault_bridge, aquarium_subvault_balcony],
          aquarium_bridge_square [aquarium_subvault_bridge,
          aquarium_subvault_bridge, aquarium_subvault_bridge,
          aquarium_subvault_wall], aquarium_window_fake, aquarium_window_fake,
          aquarium_view_2a, aquarium_balcony_1b, uniq_terence
D:4:      layout_cave_pods, minmay_temple_entry_poolview
D:5:      layout_basic, lemuel_zombie_altar_yredelemnul, fedhas_altar_2
D:6:      layout_loops_ring, makhleb_heckhound_becter
D:7:      layout_cave_pools, nemelex_xobeh_ov_fountains_minmay,
          lemuel_coloured_pillars_altar, lemuel_round_altar,
          corexii_item_surrounded_by_moat, vehumet_altar_wand_db
D:8:      layout_cave_pools, serial_shops, shop, nicolae_tso_carved_into_rock,
          uniq_joseph
D:9:      layout_loops_ring, lemuel_doored_altar, ashenzari_altar_1,
          minmay_overflow_temple_star_hex, special_room [special_room_orc],
          basic_altar, nicolae_looking_at_the_future
D:10:     layout_irregular_city, grunt_lair_entry_orc_guard_hut,
          nicolae_dithmenos_through_a_glass_darkly
D:11:     layout_loops_ring, zombieorc2_lemuel, kennysheep_generic_room_2
D:12:     layout_long_grid
Temple:   dpeg_three_leaves_temple
Lair:1:   layout_small_grid, grunt_megastairs_5
Lair:2:   layout_long_grid

Skill      XL: |  1  2  3  4  5  6  7  8  9 10 11 12 |
---------------+-------------------------------------+-----
Unarmed Combat | 4 5 7 11 | 11.2
Poison Magic   | 2 |  2.2
Fighting       | 2 4 8 9 |  9.3
Transmutations | 3 5 8 |  8.0
Spellcasting   | 6 7 |  7.2
Dodging        | 4 5 |  5.1
Evocations     | 1 5 |  5.5
Invocations    | 5 |  5.7

Action                   |  1- 3 |  4- 6 |  7- 9 | 10-12 || total
-------------------------+-------+-------+-------+-------++-------
Melee: Unarmed           |   132 |   146 |   186 |   245 ||   709
       Kick              |    13 |     9 |       |       ||    22
       Headbutt          |     3 |     3 |       |       ||     6
       Tailslap          |     4 |    10 |    18 |    37 ||    69
       Punch             |     2 |     1 |     6 |    16 ||    25
       Falchion          |       |     1 |   115 |    96 ||   212
 Cast: Beastly Appendage |    14 |     6 |       |       ||    20
       Spider Form       |     1 |     7 |    12 |       ||    20
       Wereblood         |       |       |     7 |     5 ||    12
       Blade Hands       |       |       |    11 |    46 ||    57
Invok: Animate Dead      |       |       |       |     5 ||     5
       Recall Undead Sla |       |       |       |     3 ||     3
 Abil: Breathe Lightning |       |       |       |     1 ||     1
Evoke: Wand              |       |       |    17 |     3 ||    20
       Phantom mirror    |       |       |       |     1 ||     1
  Use: Potion            |     2 |       |     4 |     3 ||     9
       Scroll            |       |       |    13 |    13 ||    26
 Stab: Paralysed         |       |       |    13 |       ||    13
Armor: Skin              |    45 |    31 |   107 |   105 ||   288
Dodge: Dodged            |    97 |   109 |   245 |   230 ||   681
Block: Other             |       |     5 |     1 |       ||     6
       Rpst.: Falchion   |       |     2 |    27 |    22 ||    51

Table legend: (Time is in decaauts)
 A = Elapsed time spent in this place.
 B = Non-inter-level travel time spent in this place.
 C = Inter-level travel time spent in this place.
 D = Time resting spent in this place.
 E = Time spent auto-exploring this place.
 F = Levels seen in this place.
 G = Mean time per level.
                   A        B        C        D        E       F      G
               +--------+--------+--------+--------+--------+-----+--------+
         Total |  17736 |  17266 |    470 |   5043 |   8620 |  15 | 1182.4 |
       Dungeon |  15625 |  15214 |    411 |   4172 |   7766 |  12 | 1302.1 |
        Temple |     77 |     66 |     11 |      0 |      0 |   1 |   77.0 |
          Lair |   2033 |   1987 |     46 |    871 |    854 |   2 | 1016.5 |
               +--------+--------+--------+--------+--------+-----+--------+

Top non-repeatable levels by time:
     D:1: 1982 daAuts
     D:6: 1917 daAuts
    D:11: 1895 daAuts
     D:9: 1725 daAuts
  Lair:1: 1700 daAuts
     D:5: 1467 daAuts
     D:7: 1284 daAuts
    D:10: 1253 daAuts
     D:2: 1167 daAuts
     D:4: 1081 daAuts
     D:3: 989 daAuts
     D:8: 851 daAuts
  Lair:2: 332 daAuts
  Temple: 77 daAuts
    D:12: 10 daAuts
